[ AOE2 MATCH · #505977740 ]
UnrankedVietnamese vs Cumans
[ REPLAY ANALYSIS · EXTRACTED FROM THE RECORDED GAME ]
Feudal
11:23
Castle
—
Imperial
—
| APM avg | 33.3 |
| APM peak | 60 |
| eAPM avg | 13.1 |
| Villagers / military | 30 / 2 |
Focus
⚔️ 7.6% · 🌾 92.4%
Spearman ×2
Feudal
—
Castle
—
Imperial
—
| APM avg | 9.5 |
| APM peak | 34 |
| eAPM avg | 3.1 |
| Villagers / military | 10 / 0 |
Focus
⚔️ 0.0% · 🌾 100.0%
Feudal
10:39
Castle
—
Imperial
—
| APM avg | 46.9 |
| APM peak | 74 |
| eAPM avg | 12.2 |
| Villagers / military | 25 / 5 |
Focus
⚔️ 9.9% · 🌾 90.1%
Flemish Militia ×5
Feudal
8:33
Castle
—
Imperial
—
| APM avg | 58.6 |
| APM peak | 101 |
| eAPM avg | 26.9 |
| Villagers / military | 30 / 3 |
Focus
⚔️ 34.0% · 🌾 66.0%
Scout Cavalry ×3
Match map
Initial resources + every placement click. Lines = walls · curves = elevation contours. ◆ gold · ⬟ stone · ● berries · ✦ relic · ◌ wall gap
Your base· Open — unwalled flank
rafael9530's base· Open — unwalled flank
Mašinec's base· Open — unwalled flank
HellionBlue's base· Open — unwalled flank
Smoothed initial terrain · ◌ = detected wall gap · hover for details
Inputs per minute
— skajel - - rafael9530
Build order — skajel
50 actions detected in the replay
| 0:04 | Build | House |
| 0:05 | Build | House |
| 0:06 | Queue | Villager (Male) |
| 0:06 | Queue | Villager (Male) |
| 0:20 | Queue | Villager (Male) |
| 1:01 | Queue | Villager (Male) |
| 1:01 | Queue | Villager (Male) |
| 1:54 | Queue | Villager (Male) |
| 1:54 | Queue | Villager (Male) |
| 2:23 | Queue | Villager (Male) |
| 2:23 | Queue | Villager (Male) |
| 2:23 | Queue | Villager (Male) |
| 2:55 | Queue | Villager (Male) |
| 3:22 | Build | Lumber Camp |
| 3:44 | Queue | Villager (Male) |
| 3:44 | Queue | Villager (Male) |
| 4:11 | Queue | Villager (Male) |
| 4:11 | Queue | Villager (Male) |
| 4:22 | Queue | Villager (Male) |
| 4:22 | Queue | Villager (Male) |
| 5:02 | Build | Mill |
| 5:20 | Research | Loom |
| 5:20 | Queue | Villager (Male) |
| 5:21 | Queue | Villager (Male) |
| 5:45 | Build | House |
| 6:06 | Queue | Villager (Male) |
| 6:06 | Queue | Villager (Male) |
| 7:24 | Queue | Villager (Male) |
| 7:34 | Build | House |
| 8:02 | Queue | Villager (Male) |
| 8:02 | Queue | Villager (Male) |
| 8:38 | Build | Mining Camp |
| 9:09 | Build | Mill |
| 9:13 | Research | Feudal Age |
| 10:08 | Build | Barracks |
| 10:31 | Queue | Villager (Male) |
| 10:31 | Queue | Villager (Male) |
| 11:23 | Age | Feudal Age |
| 11:24 | Queue | Villager (Male) |
| 11:25 | Queue | Villager (Male) |
| 11:31 | Queue | Spearman |
| 11:50 | Queue | Spearman |
| 12:02 | Build | Farm |
| 12:05 | Build | Farm |
| 12:34 | Build | House |
| 12:36 | Build | House |
| 12:39 | Queue | Villager (Male) |
| 13:01 | Queue | Villager (Male) |
| 13:06 | Build | Farm |
| 13:23 | Build | Farm |
Build order — rafael9530
13 actions detected in the replay
| 0:04 | Build | House |
| 0:05 | Build | House |
| 0:07 | Queue | Villager (Male) |
| 0:07 | Queue | Villager (Male) |
| 0:07 | Queue | Villager (Male) |
| 0:07 | Queue | Villager (Male) |
| 0:08 | Queue | Villager (Male) |
| 2:15 | Research | Loom |
| 2:16 | Queue | Villager (Male) |
| 2:16 | Queue | Villager (Male) |
| 2:16 | Queue | Villager (Male) |
| 3:03 | Queue | Villager (Male) |
| 3:04 | Queue | Villager (Male) |
Build order — Mašinec
51 actions detected in the replay
| 0:00 | Queue | Villager (Male) |
| 0:02 | Build | House |
| 0:03 | Build | House |
| 0:14 | Queue | Villager (Male) |
| 0:14 | Queue | Villager (Male) |
| 0:14 | Queue | Villager (Male) |
| 1:40 | Queue | Villager (Male) |
| 1:51 | Queue | Villager (Male) |
| 2:32 | Queue | Villager (Male) |
| 2:52 | Queue | Villager (Male) |
| 3:23 | Queue | Villager (Male) |
| 3:35 | Build | House |
| 3:37 | Build | Lumber Camp |
| 3:47 | Queue | Villager (Male) |
| 3:58 | Queue | Villager (Male) |
| 4:10 | Queue | Villager (Male) |
| 4:36 | Queue | Villager (Male) |
| 5:03 | Queue | Villager (Male) |
| 5:33 | Queue | Villager (Male) |
| 6:13 | Build | Mill |
| 6:18 | Queue | Villager (Male) |
| 6:22 | Build | House |
| 6:26 | Queue | Villager (Male) |
| 6:59 | Queue | Villager (Male) |
| 7:36 | Queue | Villager (Male) |
| 8:02 | Research | Loom |
| 8:29 | Research | Feudal Age |
| 8:57 | Build | Mining Camp |
| 9:06 | Queue | Villager (Male) |
| 10:10 | Build | Barracks |
| 10:27 | Queue | Villager (Male) |
| 10:34 | Build | House |
| 10:39 | Age | Feudal Age |
| 11:08 | Queue | Flemish Militia |
| 11:09 | Queue | Flemish Militia |
| 11:09 | Queue | Flemish Militia |
| 11:10 | Queue | Flemish Militia |
| 11:22 | Queue | Villager (Male) |
| 11:29 | Build | Farm |
| 11:29 | Build | Farm |
| 11:30 | Build | Farm |
| 11:36 | Build | House |
| 11:47 | Queue | Villager (Male) |
| 11:53 | Queue | Flemish Militia |
| 12:06 | Build | House |
| 12:12 | Build | House |
| 12:15 | Build | Palisade Wall |
| 12:37 | Queue | Villager (Male) |
| 12:59 | Queue | Villager (Male) |
| 13:04 | Build | Farm |
| 13:04 | Build | Farm |
Build order — HellionBlue
66 actions detected in the replay
| 0:02 | Queue | Villager (Male) |
| 0:02 | Queue | Villager (Male) |
| 0:02 | Queue | Villager (Male) |
| 0:03 | Build | House |
| 0:05 | Build | House |
| 0:13 | Queue | Villager (Male) |
| 0:14 | Queue | Villager (Male) |
| 1:26 | Research | Loom |
| 1:27 | Queue | Villager (Male) |
| 1:27 | Queue | Villager (Male) |
| 2:10 | Queue | Villager (Male) |
| 2:10 | Queue | Villager (Male) |
| 2:25 | Queue | Villager (Male) |
| 2:25 | Queue | Villager (Male) |
| 3:04 | Build | Lumber Camp |
| 3:09 | Queue | Villager (Male) |
| 3:09 | Queue | Villager (Male) |
| 3:09 | Queue | Villager (Male) |
| 3:10 | Queue | Villager (Male) |
| 3:37 | Build | House |
| 4:20 | Queue | Villager (Male) |
| 4:51 | Queue | Villager (Male) |
| 5:07 | Queue | Villager (Male) |
| 5:35 | Build | Mill |
| 5:38 | Queue | Villager (Male) |
| 6:23 | Research | Feudal Age |
| 6:24 | Research | Feudal Age |
| 6:50 | Build | House |
| 7:33 | Build | Barracks |
| 8:32 | Queue | Villager (Male) |
| 8:33 | Age | Feudal Age |
| 8:37 | Build | Stable |
| 8:49 | Research | Double-Bit Axe |
| 8:50 | Research | Double-Bit Axe |
| 9:12 | Build | House |
| 9:22 | Queue | Scout Cavalry |
| 9:23 | Queue | Scout Cavalry |
| 9:54 | Queue | Villager (Male) |
| 9:54 | Queue | Villager (Male) |
| 10:16 | Build | Farm |
| 10:16 | Build | Farm |
| 10:16 | Build | Farm |
| 10:16 | Build | Farm |
| 10:17 | Build | Farm |
| 10:17 | Build | Farm |
| 10:17 | Build | Farm |
| 10:17 | Build | Farm |
| 10:25 | Build | Farm |
| 10:56 | Queue | Villager (Male) |
| 10:57 | Queue | Villager (Male) |
| 11:06 | Queue | Villager (Male) |
| 11:08 | Build | Farm |
| 11:09 | Build | Farm |
| 11:09 | Build | Farm |
| 11:09 | Build | Farm |
| 11:10 | Build | Farm |
| 11:50 | Build | Archery Range |
| 11:53 | Queue | Villager (Male) |
| 12:00 | Queue | Scout Cavalry |
| 12:21 | Queue | Villager (Male) |
| 12:25 | Build | Lumber Camp |
| 12:26 | Queue | Villager (Male) |
| 12:35 | Build | Farm |
| 12:49 | Queue | Villager (Male) |
| 13:02 | Queue | Villager (Male) |
| 13:13 | Build | Palisade Wall |
Match timeline
| 4:08 | rafael9530 · resign |
| 7:33 | HellionBlue · first_building Barracks |
| 8:33 | HellionBlue · age_up feudal |
| 8:37 | HellionBlue · first_building Stable |
| 10:08 | skajel · first_building Barracks |
| 10:10 | Mašinec · first_building Barracks |
| 10:39 | Mašinec · age_up feudal |
| 11:23 | skajel · age_up feudal |
| 11:50 | HellionBlue · first_building Archery Range |
| 12:15 | Mašinec · wall_segment Palisade Wall x1 |
| 13:13 | HellionBlue · wall_segment Palisade Wall x1 |
[ AI ANALYSIS · 1 CREDIT ]
What really happened in this match?
Wolo.gg analyzes every decision: build order, eco, micro, common mistakes by bracket. Personalized analysis on WhatsApp or Discord in 30 seconds.
Civ guide
Vietnamese
Perfil
Jugador #25846629